 Dungeon Crawl Stone Soup version 0.19.5 (webtiles) character file.

45 snowfan the Conjurer (level 3, 0/21 HPs)
             Began as an Octopode Conjurer on Apr 8, 2017.
             Was an Initiate of Qazlal.
             Slain by Crazy Yiuf
             ... wielding a +2 quarterstaff of chaos
              (7 damage)
             ... on level 2 of the Dungeon on Apr 9, 2017.
             The game lasted 00:07:25 (1596 turns).

snowfan the Conjurer (Octopode Conjurer)            Turns: 1596, Time: 00:07:28

Health: 0/21       AC:  1    Str:  7    XL:     3   Next: 64%
Magic:  0/7        EV: 14    Int: 18    God:    Qazlal [......]
Gold:   93         SH:  0    Dex: 12    Spells: 1 memorised, 7 levels left

rFire  . . .     SeeInvis .     c - +0 club
rCold  . . .     Gourm    .     (no shield)
rNeg   . . .     Faith    .     (helmet restricted)
rPois  .         Spirit   .     (no amulet)
rElec  .         Reflect  .     (no ring)
rCorr  .         Harm     .     (no ring)
MR     .....                    (no ring)
Stlth  +++.......               (no ring)
                                (no ring)
                                (no ring)
                                (no ring)
                                (no ring)

@: very slightly contaminated, slowed, invisible, very slow
A: almost no armour, stealthy swim, amphibious, 8 rings, constrict 8, camouflage
1, gelatinous body 1
a: Renounce Religion


You were on level 2 of the Dungeon.
You worshipped Qazlal.
Qazlal was noncommittal.
You were not hungry.

You visited 1 branch of the dungeon, and saw 2 of its levels.

You collected 93 gold pieces.

Inventory:

Hand Weapons
 c - a +0 club (weapon)
Missiles
 h - 7 tomahawks (quivered)
Jewellery
 q - a cursed amulet of inaccuracy {unknown}
Scrolls
 d - 2 scrolls of amnesia {unknown}
 i - a scroll of enchant armour {unknown}
 l - a scroll of enchant weapon {unknown}
 n - a scroll of remove curse {unknown}
 o - a scroll of teleportation {unknown}
Potions
 e - 2 potions of curing {unknown}
 f - a potion of agility {unknown}
 g - a potion of flight {unknown}
 k - a potion of degeneration {unknown}
 p - a potion of cancellation {unknown}
Books
 a - a book of Conjurations

   Spells                             Type                      Level
   a - Magic Dart                     Conjuration                  1
   b - Searing Ray                    Conjuration                  2
   c - Dazzling Spray                 Conjuration/Hexes            3
   d - Fulminant Prism                Conjuration/Hexes            4
   e - Iskenderun's Mystic Blast      Conjuration                  4
   f - Iskenderun's Battlesphere      Conjuration/Charms           5
Comestibles
 b - 2 bread rations
 j - a meat ration
 m - a chunk of flesh


   Skills:
 + Level 2.6 Dodging
 - Level 2.6 Stealth
 * Level 3.0 Spellcasting
 + Level 4.2 Conjurations


You had 7 spell levels left.
You knew the following spells:

 Your Spells              Type           Power        Failure   Level  Hunger
a - Magic Dart            Conj           ###.         3%          1    None


Dungeon Overview and Level Annotations

Branches:
Dungeon (2/15)

Altars:
Dithmenos
Qazlal

Annotations:
D:2 Crazy Yiuf


Innate Abilities, Weirdness & Mutations

You cannot wear most types of armour.
You are very stealthy in the water. (Stealth+)
You are amphibious.
You can wear up to eight rings at the same time.
You can use your tentacles to constrict eight enemies at once.
Your skin changes colour to match your surroundings (Stealth+).
Your rubbery body absorbs attacks. (AC +1, EV +1)


Message History

You constrict Crazy Yiuf, but do no damage.
Crazy Yiuf closely misses you.
Casting: Magic Dart
Confirm with . or Enter, or press ? or * to list all spells.
Aiming: Magic Dart
Press: ? - help, Shift-Dir - straight line, f/p - Crazy Yiuf
Aim: Crazy Yiuf, wielding a quarterstaff of chaos and wearing a runed cloak (severely wounded, constricted by you)
The magic dart hits Crazy Yiuf.
Crazy Yiuf is severely wounded.
You constrict Crazy Yiuf. Crazy Yiuf completely misses you.
Crazy Yiuf cries, "Castle hand pizzabubble!"
Crazy Yiuf hits you with a quarterstaff of chaos.
Some of the chunks of flesh in your inventory have rotted away.
You strike the helpless Crazy Yiuf from behind!
You hit Crazy Yiuf but do no damage.
You squeeze Crazy Yiuf, but do no damage.
Crazy Yiuf is almost dead.
You constrict Crazy Yiuf, but do no damage.
Crazy Yiuf hits you with a quarterstaff of chaos!
You die...

._...# #....#
##..## ...##
.#### ....#
♣♣♣♣♣### ....#
### ♣♣♣.♣..#.##
....#
#...#♣..♣......##
....#..
#...g@♣♣♣♣......#
......# #)..#♣♣
♣♣.#...# ....###
### ♣♣###.# ....#
##.# ....# #..#
.....#########
##.##
..##.........##
#..#
#..##.........##
##.##
##.#...........#
#..#


You could see Crazy Yiuf.

Vanquished Creatures
  2 oozes (D:1)
  A leopard gecko (D:1)
  4 bats
  2 giant cockroaches (D:1)
  5 goblins (D:1)
  8 hobgoblins
  3 kobolds
  A quokka (D:2)
  A ball python (D:2)
  6 rats
33 creatures vanquished.

Notes
Turn   | Place    | Note
-------+----------+-------------------------------------------
     0 | D:1      | snowfan the Octopode Conjurer began the quest for the Orb.
     0 | D:1      | Reached XP level 1. HP: 11/11 MP: 3/3
     4 | D:1      | Noticed a troll
     4 | D:1      | Noticed an octopode
     6 | D:1      | Noticed a naga
     6 | D:1      | Noticed a demigod
     8 | D:1      | Noticed a merfolk
     8 | D:1      | Noticed an ogre
    10 | D:1      | Noticed a ghoul
    10 | D:1      | Noticed a human
    12 | D:1      | Noticed a tengu
    12 | D:1      | Noticed a demonspawn
    14 | D:1      | Noticed a minotaur
    14 | D:1      | Noticed a vine stalker
    16 | D:1      | Noticed a felid
    16 | D:1      | Noticed a vampire
    18 | D:1      | Noticed a formicid
    18 | D:1      | Noticed an elf
    20 | D:1      | Noticed a draconian
    22 | D:1      | Noticed a spriggan
    22 | D:1      | Noticed a dwarf
    24 | D:1      | Noticed a centaur
    26 | D:1      | Noticed a halfling
    26 | D:1      | Noticed a gargoyle
   206 | D:1      | Reached XP level 2. HP: 17/17 MP: 3/5
   712 | D:1      | Reached XP level 3. HP: 14/21 MP: 1/7
  1311 | D:2      | Found a shadowy altar of Dithmenos.
  1444 | D:2      | Noticed an air elemental
  1445 | D:2      | Found a stormy altar of Qazlal.
  1450 | D:2      | Noticed a fire elemental
  1450 | D:2      | Noticed an earth elemental
  1450 | D:2      | Noticed a water elemental
  1457 | D:2      | Became a worshipper of Qazlal Stormbringer
  1582 | D:2      | Found a runed door.
  1586 | D:2      | Noticed Crazy Yiuf
  1596 | D:2      | Slain by Crazy Yiuf

Skill      XL: |  1  2  3 |
---------------+----------+-----
Spellcasting   | 3 |  3.0
Dodging        | |  2.6
Stealth        | |  2.6
Conjurations   | |  4.2

Action                   || total
-------------------------++-------
Melee: Club              ||    44
       Unarmed           ||     3
       Constrict         ||    14
       Tentacles         ||     6
Throw: Tomahawk          ||     6
 Cast: Magic Dart        ||    40
 Stab: Sleeping          ||     4
       Invisible         ||     1
  Eat: Chunk             ||     2
Armor: Skin              ||     3
Dodge: Dodged            ||    39
